 Dungeon Crawl Stone Soup version 0.30-a0-743-gbfdf073431 (webtiles) character file.

Game seed: 4755163187266203698

46 IdlyInterested the Cudgeller (level 3, -5/29 HPs)
             Began as a Demonspawn Fighter on Feb 6, 2023.
             Slain by an iguana (11 damage)
             ... on level 2 of the Dungeon.
             The game lasted 00:03:32 (1406 turns).

IdlyInterested the Cudgeller (Demonspawn Fighter)   Turns: 1406, Time: 00:03:33

Health: -5/29      AC: 12    Str: 18    XL:     3   Next: 46%
Magic:  3/3        EV:  9    Int:  9    God:
Gold:   104        SH:  0    Dex: 12    Spells: 2/2 levels left

rFire   . . .      SeeInvis .    a - +1 flail
rCold   . . .      Faith    .    (no shield)
rNeg    . . .      Spirit   .    b - +0 scale mail
rPois   .          Reflect  .    (no helmet)
rElec   .          Harm     .    (no cloak)
rCorr   .          Rampage  .    (no gloves)
Will    .....                    (no boots) Stlth
                                 (no amulet)
HPRegen 0.24/turn                f - +4 ring of protection
MPRegen 0.08/turn                (no ring)

@: no status effects
A: slimy green scales 1, demonic touch 1
a: no special abilities


You were on level 2 of the Dungeon.
You visited 1 branch of the dungeon, and saw 2 of its levels.

You collected 104 gold pieces.

Inventory:

Hand Weapons
 a - a +1 flail (weapon)
Missiles
 j - 4 curare-tipped darts (quivered)
 r - 7 stones
Armour
 b - a +0 scale mail (worn)
Magical Staves
 k - a staff of air
Jewellery
 f - a +4 ring of protection (left hand)
Scrolls
 g - a scroll of magic mapping
Potions
 d - a potion of might
 e - a potion of ambrosia
 i - a potion of curing
 p - a potion of invisibility {unknown}


   Skills:
 - Level 3.0 Fighting
 * Level 3.1 Maces & Flails
 - Level 3.0 Armour
 - Level 2.6 Shields
 + Level 1.0 Evocations


You had 2 spell levels left.
You didn't know any spells.
Your spell library contained the following spells:

 Spells                   Type           Power      Damage    Failure   Level
 Animate Dead             Necr           0%         N/A       100%        4
 Haunt                    Necr/Summ      0%         N/A       100%        7
 Infestation              Necr           0%         N/A       100%        8


Dungeon Overview and Level Annotations

Branches:
Dungeon (2/15)

Altars:


Innate Abilities, Weirdness & Mutations

You are partially covered in slimy green scales. (AC +2)
Your touch may inflict minor irresistible damage on your foes.


Message History

As you read the scroll labelled VIQIGI QAIWIPH, it crumbles to dust.
It is a scroll of enchant weapon.
Your +0 flail glows red for a moment.
As you read the scroll labelled ELEOSU RYUZICUNOCU, it crumbles to dust.
Your body is wracked with pain!
It was a scroll of torment.
As you read the scroll labelled RELAER ZIGGA, it crumbles to dust.
You feel strangely unstable.
It was a scroll of teleportation.
It was a potion of curing.
You feel better.
Okay, then.
You start resting.
Your surroundings suddenly seem different.
Found a club and a book of Death.
Found a scale mail.
Found a stone staircase leading down.
You pick up a book of Death and begin reading...
You add the spells Animate Dead, Haunt and Infestation to your library.
An iguana comes into view.
The iguana hisses angrily.
You closely miss the iguana. The iguana bites you.
The iguana bites you but does no damage.
You hit the iguana but do no damage. Your touch misses the iguana.
The iguana bites you!
You barely miss the iguana. The iguana bites you.
You closely miss the iguana. Your touch misses the iguana.
The iguana bites you. x2
You closely miss the iguana. The iguana bites you.
You hit the iguana.
The iguana is lightly wounded.
The iguana bites you.
You barely miss the iguana.
You touch the iguana!
The iguana is almost dead.
The iguana bites you.
* * * LOW HITPOINT WARNING * * *
You hit the iguana but do no damage.
The iguana is almost dead.
The iguana barely misses you.
You closely miss the iguana.
The iguana is almost dead.
The iguana bites you!
You die...

#.* #.####.#.....## ##.#*
#...##.##...## *#...##
#......###.##
**,#.#.###...<.......#******
*##.##.......#.######.......,,
***...............##
#.######**
*,,.)..............#* #.#
*,*.#.##..#.#.l...#.###.#
*,*,*,*##.##.#.@#.##....#
*,*,*,**#.*#.##...#.#*###
*,,,,,,,..,..###.#.#*
*,,**,**#.##.# #[#.# *,,**,*
#.*#.# #.#.# *,,**,***,**,*
#.#.# *,,,,,,,,,**,**#.#.#*
**,**,******,,*#...>** *,**,,*
*,,*#..#.,*


You could see an iguana.

Vanquished Creatures
  A worm (D:2)
  2 dart slugs (D:1)
  3 orcs (D:2)
  2 ball pythons (D:1)
  An endoplasm (D:1)
  3 giant cockroaches (D:1)
  4 goblins
  4 hobgoblins
  2 jackals (D:1)
  2 kobolds (D:1)
  A quokka (D:2)
  4 bats (D:1)
  2 frilled lizards
  A rat (D:1)
32 creatures vanquished.

Notes
Turn   | Place    | Note
-------+----------+-------------------------------------------
     0 | D:1      | IdlyInterested the Demonspawn Fighter began the quest for
                  | the Orb.
     0 | D:1      | Reached XP level 1. HP: 18/18 MP: 1/1
   424 | D:1      | Gained mutation: You are partially covered in slimy green
                  | scales. (AC +2) [demonic ancestry]
   424 | D:1      | Reached XP level 2. HP: 24/24 MP: 2/2
   769 | D:1      | Gained mutation: Your touch may inflict minor irresistible
                  | damage on your foes. [demonic ancestry]
   769 | D:1      | Reached XP level 3. HP: 29/29 MP: 3/3
  1357 | D:2      | Reached skill level 1 in Evocations
  1406 | D:2      | Slain by an iguana

Illustrated notes

Levels and vault maps discovered:
D:1:      lemuel_arrival_funnel, layout_loops_corners, minmay_tree_intersection
D:2:      layout_loops_ring, chequers_serial_rivers_micro_e,
          guppyfry_early_orc_mine, uniq_jessica

Skill      XL: |  1  2  3 |
---------------+----------+-----
Maces & Flails | 2 3 |  3.1
Armour         | 3 |  3.0
Evocations     | 1 |  1.0
Fighting       | |  3.0
Shields        | |  2.6

Action                     || total
---------------------------++-------
  Melee: Flail             ||   101
         Touch             ||     3
    Use: Scroll            ||     8
         Potion            ||     1
 Armour: Scale mail        ||    58
  Dodge: Dodged            ||    43
  Block: Buckler           ||    15

Table legend: (Time is in decaauts)
 A = Elapsed time spent in this place.
 B = Non-inter-level travel time spent in this place.
 C = Inter-level travel time spent in this place.
 D = Time resting spent in this place.
 E = Time spent auto-exploring this place.
 F = Levels seen in this place.
 G = Mean time per level.
                   A        B        C        D        E       F      G
               +--------+--------+--------+--------+--------+-----+--------+
         Total |   1436 |   1164 |    272 |     85 |    745 |   2 |  718.0 |
       Dungeon |   1436 |   1164 |    272 |     85 |    745 |   2 |  718.0 |
               +--------+--------+--------+--------+--------+-----+--------+

Top non-repeatable levels by time:
     D:1: 1239 daAuts
     D:2: 196 daAuts
